 Dungeon Crawl Stone Soup version 0.30-a0-652-gcc886f7154 (webtiles) character file.

Game seed: 2083067145355543284

11052 OTABOTABOTAB the Markskobold (level 12, -5/76 HPs)
             Began as a Kobold Hunter on Jan 18, 2023.
             Was a High Priest of Okawaru.
             Slain by an orc warrior
             ... wielding a +0 hand axe
              (11 damage)
             ... on level 2 of the Orcish Mines.
             The game lasted 00:13:53 (11228 turns).

OTABOTABOTAB the Markskobold (Kobold Hunter)       Turns: 11228, Time: 00:13:53

Health: -5/76      AC:  3    Str:  9    XL:     12   Next: 2%
Magic:  10/17      EV: 27    Int: 10    God:    Okawaru [*****.]
Gold:   1698       SH:  0    Dex: 29    Spells: 11/11 levels left

rFire   . . .      SeeInvis .    a - +1 shortbow (flame)
rCold   . . .      Faith    .    (shield currently unavailable)
rNeg    . . .      Spirit   .    r - +5 ring mail of Dithmenos's Generosity {Rampage Dex+6}
rPois   .          Reflect  .    (no helmet)
rElec   .          Harm     .    d - scarf {repulsion}
rCorr   .          Rampage  +    (no gloves)
Will    .....                    (no boots)
Stlth   ++++                     (no amulet)
HPRegen 0.32/turn                (no ring)
MPRegen 0.15/turn                (no ring)

@: heroic, finesse-ful, corroded, repel missiles
A: small, no large weapons, nightstalker 3
a: Renounce Religion, Heroism, Finesse, Duel


You were on level 2 of the Orcish Mines.
You worshipped Okawaru.
Okawaru was extremely pleased with you.
You visited 3 branches of the dungeon, and saw 13 of its levels.

You collected 1698 gold pieces.

Inventory:

Hand Weapons
 a - a +1 shortbow of flaming (weapon)
 g - the +6 shillelagh "Devastator" {shatter}
   (You found it on level 10 of the Dungeon)
Missiles
 k - 3 boomerangs
 m - 9 poisoned darts
 s - 159 stones
Armour
 d - a scarf of repulsion (worn)
   (You found it on level 5 of the Dungeon)
 e - a scarf of repulsion
   (You found it on level 9 of the Dungeon)
 i - a +1 cloak
   (You took it off Crazy Yiuf on level 2 of the Dungeon)
 r - the +5 ring mail of Dithmenos's Generosity (worn) {Rampage Dex+6}
   (You found it on level 5 of the Dungeon)

   Dex:       It affects your dexterity (+6).
   Rampage:   It bestows one free step when moving towards enemies.
Wands
 j - a wand of polymorph (3)
   (You took it off a gnoll on level 10 of the Dungeon)
 y - a wand of mindburst (4)
   (You found it on level 5 of the Dungeon)
Scrolls
 f - a scroll of amnesia
 l - a scroll of brand weapon
 q - 3 scrolls of enchant weapon
 D - 3 scrolls of blinking {!r}
 K - 5 scrolls of immolation {!r}
 Y - 5 scrolls of teleportation {@r3}
Potions
 b - a potion of mutation {unknown}
 c - a potion of invisibility {unknown}
 h - a potion of berserk rage {unknown}
 p - a potion of experience {unknown}
 L - a potion of flight
 M - 3 potions of might
 R - 4 potions of resistance


   Skills:
 + Level 9.6(14.6) Fighting
 * Level 16.1(21.1) Ranged Weapons
 + Level 10.4(15.4) Dodging
 - Level 1.3(6.3) Stealth
 + Level 7.4 Invocations


You had 11 spell levels left.
You didn't know any spells.
Your spell library contained the following spells:

 Spells                   Type           Power      Damage    Failure   Level
 Freeze                   Ice            0%         1d3       67%         1
 Sandblast                Erth           0%         2d4       67%         1
 Shock                    Conj/Air       0%         1d3       67%         1
 Sting                    Tmut/Pois      0%         1d3       67%         1
 Ensorcelled Hibernation  Hex/Ice        0%         N/A       82%         2
 Passwall                 Tmut/Erth      0%         N/A       82%         2
 Poisonous Vapours        Pois/Air       0%         N/A       82%         2
 Frozen Ramparts          Ice            0%         1d1       96%         3
 Hailstorm                Conj/Ice       0%         3d3       96%         3
 Spider Form              Tmut/Pois      0%         N/A       96%         3
 Stone Arrow              Conj/Erth      0%         3d7       96%         3
 Anguish                  Hex/Necr       0%         N/A       100%        4
 Olgreb's Toxic Radiance  Pois           0%         N/A       100%        4
 Alistair's Intoxication  Tmut/Pois      0%         N/A       100%        5


Dungeon Overview and Level Annotations

Branches:
Dungeon (10/15)            Temple (1/1) D:6             Orc (2/2) D:9
   Lair: D:8-11         Elf: Orc:2

Altars:
Ashenzari
Cheibriados
Dithmenos
Elyvilon
Kikubaaqudgha
Makhleb
Nemelex Xobeh
Okawaru
Ru
Trog
Uskayaw
Wu Jian
Xom
Yredelemnul
Zin
The Shining One

Shops:
D:4 *   D:6 :   D:8 [

Annotations:
D:3 1 runed translucent door, pigah's ghost, amateur OpWn


Innate Abilities, Weirdness & Mutations

You are small and have problems with some larger weapons.
You are completely attuned to the shadows.


Message History

You are too injured to fight recklessly!
You are too injured to fight recklessly!
You are too injured to fight recklessly!
Unknown command.
You are too injured to fight recklessly!
Fire: a) +1 shortbow (flame)
Aim: an orc wizard, wielding a +2 dagger of venom and wearing a +0 robe (71% to hit)
You shoot an arrow. The arrow hits the orc wizard.
The arrow burns the orc wizard.
The orc wizard barely misses you. The orc completely misses you.
Fire: a) +1 shortbow (flame)
Aim: an orc wizard, wielding a +2 dagger of venom and wearing a +0 robe (heavily wounded, 71% to hit)
You shoot an arrow.
The arrow hits the orc wizard but does no damage.
Fire: a) +1 shortbow (flame)
Aim: an orc wizard, wielding a +2 dagger of venom and wearing a +0 robe (heavily wounded, 71% to hit)
You shoot an arrow.
The arrow closely misses the orc wizard.
The arrow barely misses the orc wizard.
You hear a howl!
The orc wizard hits you with a +2 dagger of venom.
You are poisoned.
The orc misses you.
You hear a shout!
You take 2 damage, and have 44/76 hp.
Fire: a) +1 shortbow (flame)
Aim: an orc wizard, wielding a +2 dagger of venom and wearing a +0 robe (heavily wounded, 71% to hit)
You shoot an arrow. The arrow hits the orc wizard!
The arrow burns the orc wizard.
You kill the orc wizard!
Okawaru accepts your kill.
You feel sick. The orc completely misses you.
The orc wizard points at you and mumbles some strange words.
The magic dart hits you.
You take 7 damage, and have 37/76 hp.
Fire: a) +1 shortbow (flame)
Aim: an orc, wielding a +0 hand axe and wearing a +3 ring mail (78% to hit)
You shoot an arrow.
The arrow hits the orc but does no damage.
You feel sick. The orc barely misses you.
An orc warrior comes into view.
It is wielding a +0 hand axe and quivering boomerangs of dispersal.
The orc wizard hits you with a +0 dagger.
You take 3 damage, and have 34/76 hp.
Fire: a) +1 shortbow (flame)
Aim: an orc, wielding a +0 hand axe and wearing a +3 ring mail (78% to hit)
You shoot an arrow.
The arrow hits the orc but does no damage.
You feel sick. The orc misses you. The orc wizard misses you.
The orc wizard gestures at you while chanting.
The puff of flame hits you!
* * * LOW HITPOINT WARNING * * *
You take 12 damage, and have 22/76 hp.
Fire: a) +1 shortbow (flame)
Aim: an orc, wielding a +0 hand axe and wearing a +3 ring mail (78% to hit)
You shoot an arrow. The arrow closely misses the orc.
You feel sick.
You hear a shout!
The orc wizard hits you with a +0 dagger.
* * * LOW HITPOINT WARNING * * *
The orc wizard points at you and mumbles some strange words.
The magic dart hits you!
* * * LOW HITPOINT WARNING * * *
You hear a shout!
You take 10 damage, and have 12/76 hp.
Unknown command.
The orc wizard attacks as you move away!
The orc wizard hits you with a +0 dagger.
* * * LOW HITPOINT WARNING * * *
You feel sick.
The orc loudly roars encouragement to no one in particular.
You take 1 damage, and have 11/76 hp.
You feel sick.
The orc wizard gestures at you while chanting.
The puff of flame is repelled.
You take 1 damage, and have 10/76 hp.
The orc attacks as you move away! The orc barely misses you.
You feel sick.
You are no longer poisoned.
The orc wizard casts a spell.
The orc wizard flickers and vanishes!
Deactivating autopickup; reactivate with Ctrl-A.
You hear a shout!
You take 1 damage, and have 9/76 hp.
Fire: a) +1 shortbow (flame)
Aim: an orc, wielding a +0 hand axe and wearing a +3 ring mail (78% to hit)
You shoot an arrow. The arrow hits the orc.
The arrow burns the orc.
You can now deal lightning-fast blows.
The orc hits you with a +0 hand axe.
* * * LOW HITPOINT WARNING * * *
You take 4 damage, and have 6/76 hp.
You now have 12/17 mp.
You gain the combat prowess of a mighty hero.
The orc misses you. The orc wizard barely misses you.
You now have 10/17 mp.
Okay, then.
Fire: a) +1 shortbow (flame)
Aim: an orc warrior, wielding a +0 hand axe, wearing a +0 plate armour and quivering boomerangs of dispersal (78% to hit)
You shoot an arrow. The arrow hits the orc warrior.
The arrow burns the orc warrior.
The orc closely misses you.
The orc warrior hits you with a +0 hand axe!
You die...

#.............##
#.............#
###............##
.)...........##
#).).........#
#.).).......##
#..).o.......##
#....oo...).#.##
#####....o@........#
...................###
..................†..##
######................#
#....#.#.........##
##.##...........####
#####......#...#..##
##......#.......#
##..............##


You could see an orc warrior, an orc wizard and 2 orcs.

Vanquished Creatures
  A boulder beetle (D:10)
  2 two-headed ogres (D:10)
  An orc knight (Orc:1)
  3 orc sorcerers
  Joseph (D:8)
  2 gargoyles
  A komodo dragon (D:10)
  2 trolls
  A vampire (D:10)
  3 wyverns
  3 yaks
  3 steam dragons
  Grum (D:8)
  Menkaure (D:7)
  2 wargs (Orc:2)
  An acid dragon (D:9)
  A water moccasin (D:7)
  3 ice beasts
  A sky beast (D:7)
  A black bear (D:7)
  3 orc warriors
  4 wolves (D:8)
  4 ogres
  2 centaurs
  3 phantoms
  3 bullfrogs
  3 scorpions
  A water moccasin zombie (D:4)
  5 wights (D:9)
  4 killer bees (D:10)
  7 howler monkeys
  A hound (D:6)
  Crazy Yiuf (D:2)
  3 jellies
  4 orc priests
  A gnoll bouda (D:9)
  2 iguanas
  18 orc wizards
  A scorpion zombie (D:4)
  A hound zombie (D:4)
  10 gnolls
  10 adders
  A shadow imp (D:7)
  2 white imps
  An ufetubus (D:7)
  2 adder zombies (D:4)
  3 dart slugs
  45 orcs
  5 bats
  7 endoplasms
  5 giant cockroaches
  8 goblins
  8 hobgoblins
  4 jackals (D:1)
  10 kobolds
  4 quokkas
  9 ball pythons
  3 frilled lizards
  4 rats
246 creatures vanquished.

Notes
Turn   | Place    | Note
-------+----------+-------------------------------------------
     0 | D:1      | OTABOTABOTAB the Kobold Hunter began the quest for the Orb.
     0 | D:1      | Reached XP level 1. HP: 12/12 MP: 1/1
   135 | D:1      | Reached XP level 2. HP: 18/18 MP: 2/2
   136 | D:1      | HP: 4/18 [gnoll/+0 whip (6)]
   151 | D:1      | Reached XP level 3. HP: 11/22 MP: 3/3
   155 | D:1      | HP: 8/33 [constriction (1)]
   158 | D:1      | Reached skill level 6 in Ranged Weapons
   158 | D:1      | Reached skill level 3 in Dodging
   824 | D:2      | Reached XP level 4. HP: 27/27 MP: 4/4
   964 | D:2      | Found a runed translucent door.
   967 | D:2      | Noticed Crazy Yiuf
  1041 | D:2      | Reached skill level 3 in Fighting
  1392 | D:2      | Reached XP level 5. HP: 32/32 MP: 5/5
  1578 | D:2      | Killed Crazy Yiuf
  1579 | D:2      | Reached skill level 7 in Ranged Weapons
  1862 | D:3      | Reached skill level 4 in Dodging
  1862 | D:3      | Reached XP level 6. HP: 33/38 MP: 6/6
  1975 | D:3      | Found a sparkling altar of Nemelex Xobeh.
  2158 | D:3      | Found a runed translucent door.
  2160 | D:3      | Noticed pigah's ghost (amateur OpWn)
  2218 | D:3      | Found a faded altar of an unknown god.
  2931 | D:4      | Reached skill level 4 in Fighting
  2933 | D:4      | Reached skill level 8 in Ranged Weapons
  3113 | D:4      | Found Potoania's General Store.
  3116 | D:4      | Noticed an ogre
  3127 | D:4      | Noticed an ogre
  3128 | D:4      | Killed an ogre
  3129 | D:4      | Reached XP level 7. HP: 19/43 MP: 7/7
  3310 | D:4      | Found a basalt altar of Yredelemnul.
  3316 | D:4      | Reached skill level 5 in Dodging
  3339 | D:4      | Reached skill level 9 in Ranged Weapons
  3602 | D:4      | Found a sacrificial altar of Ru.
  3831 | D:5      | Entered Level 5 of the Dungeon
  3925 | D:5      | Reached skill level 5 in Fighting
  3925 | D:5      | Reached XP level 8. HP: 49/49 MP: 8/8
  3983 | D:5      | Got the Codex of Toxicity and Electricity
  4022 | D:5      | Identified the +5 ring mail of Dithmenos's Generosity
                  | {Rampage Dex+6}
  4024 | D:5      | Found a white marble altar of Elyvilon.
  4298 | D:5      | Reached skill level 10 in Ranged Weapons
  4307 | D:5      | Found a bloodstained altar of Trog.
  4310 | D:5      | Found a broken altar of Ashenzari.
  4315 | D:5      | Found a glowing golden altar of the Shining One.
  4374 | D:5      | Reached skill level 6 in Dodging
  4786 | D:6      | HP: 12/51 [poisoned by a scorpion]
  5234 | D:6      | Found an ornate altar of the Wu Jian Council.
  5440 | D:6      | Found a staircase to the Ecumenical Temple.
  5446 | Temple   | Entered the Ecumenical Temple
  5495 | Temple   | Became a worshipper of Warmaster Okawaru
  5524 | D:6      | Reached skill level 6 in Fighting
  5622 | D:6      | Found Kytaim's Tremendous Tomes.
  5773 | D:6      | Reached skill level 11 in Ranged Weapons
  5773 | D:6      | Reached skill level 1 in Invocations
  5773 | D:6      | Reached XP level 9. HP: 48/55 MP: 9/9
  5899 | D:7      | Reached * piety under Okawaru
  5900 | D:7      | Reached skill level 2 in Invocations
  5967 | D:7      | Reached skill level 7 in Dodging
  6037 | D:7      | Found a shadowy altar of Dithmenos.
  6569 | D:7      | Found a hide-covered altar of Uskayaw.
  6593 | D:7      | Noticed Menkaure
  6596 | D:7      | Killed Menkaure
  6838 | D:7      | Reached skill level 12 in Ranged Weapons
  6838 | D:7      | Reached skill level 3 in Invocations
  7100 | D:8      | Noticed Joseph
  7115 | D:8      | Killed Joseph
  7116 | D:8      | Reached skill level 7 in Fighting
  7121 | D:7      | HP: 12/57 [yak (8)]
  7123 | D:7      | Reached ** piety under Okawaru
  7124 | D:7      | Reached XP level 10. HP: 14/63 MP: 12/12
  7298 | D:8      | Reached skill level 4 in Invocations
  7302 | D:8      | Reached skill level 8 in Dodging
  7316 | D:8      | Found a shimmering altar of Xom.
  7360 | D:8      | Noticed Grum
  7369 | D:8      | Killed Grum
  7370 | D:8      | Reached skill level 13 in Ranged Weapons
  7681 | D:8      | Reached *** piety under Okawaru
  7707 | D:8      | Identified a scroll of acquirement
  7707 | D:8      | Acquired 946 gold pieces
  7768 | D:8      | Reached skill level 5 in Invocations
  7802 | D:8      | Found Miwuesegh's Antique Armour Shoppe.
  8161 | D:9      | Reached skill level 8 in Fighting
  8470 | D:9      | Reached skill level 14 in Ranged Weapons
  8601 | D:9      | Found a staircase to the Orcish Mines.
  8840 | D:10     | Entered Level 10 of the Dungeon
  8934 | D:10     | Noticed a two-headed ogre
  8936 | D:10     | Noticed a gargoyle
  8938 | D:10     | Noticed a boulder beetle
  8938 | D:10     | Noticed a gargoyle
  8967 | D:9      | Killed a gargoyle
  8968 | D:9      | Reached skill level 9 in Dodging
  8999 | D:10     | Noticed a komodo dragon
  9004 | D:10     | HP: 11/64 [komodo dragon (17)]
  9006 | D:10     | Killed a komodo dragon
  9006 | D:10     | Reached **** piety under Okawaru
  9007 | D:10     | Reached XP level 11. HP: 13/69 MP: 15/15
  9418 | D:10     | Reached skill level 6 in Invocations
  9453 | D:10     | Found a glowing silver altar of Zin.
  9471 | D:10     | Found the +6 shillelagh "Devastator" {shatter}
  9541 | D:10     | HP: 14/69 [boulder beetle (13)]
  9542 | D:10     | HP: 5/69 [boulder beetle (10)]
  9543 | D:10     | HP: 2/69 [boulder beetle (3)]
  9785 | D:10     | Killed a boulder beetle
  9812 | D:10     | Noticed a two-headed ogre
  9818 | D:10     | Killed a two-headed ogre
  9819 | D:10     | Reached skill level 9 in Fighting
  9819 | D:10     | Reached skill level 15 in Ranged Weapons
  9942 | D:10     | Killed a two-headed ogre
  9942 | D:10     | Reached ***** piety under Okawaru
 10351 | Orc:1    | Entered Level 1 of the Orcish Mines
 10355 | Orc:1    | Noticed an orc sorcerer
 10364 | Orc:1    | Noticed a sun demon
 10366 | Orc:1    | Noticed a sixfirhy
 10369 | Orc:1    | Killed an orc sorcerer
 10370 | Orc:1    | Reached skill level 10 in Dodging
 10543 | Orc:1    | Noticed an orc knight
 10557 | Orc:1    | Killed an orc knight
 10558 | Orc:1    | Reached skill level 7 in Invocations
 10753 | Orc:2    | Entered Level 2 of the Orcish Mines
 10764 | Orc:2    | Noticed an orc sorcerer
 10771 | Orc:1    | HP: 17/71 [orc sorcerer/+0 dagger (2)]
 10772 | Orc:1    | Paralysed by an orc sorcerer for 2 turns
 10778 | Orc:1    | Killed an orc sorcerer
 11197 | Orc:2    | Reached skill level 16 in Ranged Weapons
 11201 | Orc:2    | Noticed an orc sorcerer
 11213 | Orc:2    | Killed an orc sorcerer
 11214 | Orc:2    | Reached XP level 12. HP: 54/76 MP: 17/17
 11221 | Orc:2    | HP: 19/76 [orc wizard/+0 dagger (2)]
 11224 | Orc:2    | HP: 9/76 [poisoned by an orc wizard]
 11228 | Orc:2    | Slain by an orc warrior

Illustrated notes

Levels and vault maps discovered:
D:1:      minmay_arrival_statue_studded, layout_basic
D:2:      layout_basic, minmay_tetromino_o2, uniq_crazy_yiuf_cottage
D:3:      layout_basic, nemelex_xobeh_ov_fountains_minmay,
          ebering_ghost_inner_flame, ebering_ecumenical_altar_mist,
          glass_columns_a, kennysheep_generic_room_10
D:4:      layout_rooms, nicolae_ru_the_path_less_chosen,
          nicolae_yredelemnul_corpse_copse, serial_shops, nicolae_square_shop
D:5:      layout_loops_ring, nicolae_elyvilon_temple_path,
          grunt_temple_overflow_diamond
D:6:      layout_loops_cross, overflow_temple_1_default,
          minmay_temple_entry_mist, nicolae_shop_i_like_big_books
D:7:      layout_basic, nicolae_uskayaw_murder_on_the_dancefloor,
          lemuel_tele_altar, uniq_menkaure
D:8:      layout_rooms, mainiacjoe_overflow_six_doors_small, serial_shops,
          kennysheep_mini_moat, uniq_joseph, uniq_grum
D:9:      layout_basic, orc_0_dummy
D:10:     layout_rooms, zin_treasury, dilly_guarded_unrand_devastator
Temple:   nicolae_temple_bog_church
Orc:1:    layout_caves, basic_altar, nicolae_volcano_entry_s_turn
Orc:2:    st_orc_town, layout_diamond_mine

Skill      XL: |  1  2  3  4  5  6  7  8  9 10 11 |
---------------+----------------------------------+-----
Ranged Weapons | 6 7 8 9 11 12 14 16 | 16.1
Dodging        | 3 4 5 6 7 9 10 | 10.4
Fighting       | 3 4 5 6 7 8 9 |  9.6
Invocations    | 1 3 5 7 |  7.4
Stealth        | |  1.3

Action                   |  1- 3 |  4- 6 |  7- 9 | 10-12 || total
-------------------------+-------+-------+-------+-------++-------
 Fire: Shortbow          |    60 |   136 |   216 |   388 ||   800
Invok: Heroism           |       |       |       |     7 ||     7
       Finesse           |       |       |       |     3 ||     3
Evoke: Wand              |       |       |     6 |       ||     6
  Use: Potion            |     1 |       |     2 |     4 ||     7
       Scroll            |     4 |     4 |     9 |     4 ||    21
Armor: Skin              |    14 |       |       |       ||    14
       Leather armour    |     5 |     6 |     3 |       ||    14
       Ring mail         |       |       |    16 |    52 ||    68
Dodge: Dodged            |    17 |    38 |   108 |   224 ||   387
       Repelled          |       |       |     1 |     1 ||     2

Table legend: (Time is in decaauts)
 A = Elapsed time spent in this place.
 B = Non-inter-level travel time spent in this place.
 C = Inter-level travel time spent in this place.
 D = Time resting spent in this place.
 E = Time spent auto-exploring this place.
 F = Levels seen in this place.
 G = Mean time per level.
                   A        B        C        D        E       F      G
               +--------+--------+--------+--------+--------+-----+--------+
         Total |  11267 |  10875 |    392 |   1290 |   8182 |  13 |  866.7 |
       Dungeon |  10347 |   9974 |    373 |   1183 |   7531 |  10 | 1034.7 |
        Temple |     66 |     53 |     13 |      0 |     40 |   1 |   66.0 |
  Orcish Mines |    852 |    847 |      5 |    107 |    611 |   2 |  426.0 |
               +--------+--------+--------+--------+--------+-----+--------+

Top non-repeatable levels by time:
     D:7: 1420 daAuts
     D:3: 1352 daAuts
    D:10: 1197 daAuts
     D:6: 1042 daAuts
     D:9: 997 daAuts
     D:5: 933 daAuts
     D:2: 921 daAuts
     D:8: 874 daAuts
     D:4: 827 daAuts
     D:1: 780 daAuts
   Orc:2: 429 daAuts
   Orc:1: 423 daAuts
  Temple: 66 daAuts

Table legend:
 A = Kills in this place as a percentage of kills in entire the game.
 B = Kills by you in this place as a percentage of kills by you in the entire game.
 C = Kills by friends in this place as a percentage of kills by friends in the entire game.
 D = Other kills in this place as a percentage of other kills in the entire game.
 E = Experience gained in this place as a percentage of experience gained in the entire game.
 F = Experience gained in this place divided by the number of levels of this place that you have seen.
                   A       B       C       D       E      F
               +-------+-------+-------+-------+-------+----------------------
         Total | 100.0 | 100.0 |   N/A |   N/A | 100.0 | 1214.5
       Dungeon |  85.4 |  85.4 |   N/A |   N/A |  75.1 | 1185.4
  Orcish Mines |  14.6 |  14.6 |   N/A |   N/A |  24.9 | 1967.5
               +-------+-------+-------+-------+-------+----------------------
